 Dungeon Crawl Stone Soup version 0.29.1-12-g30fa7ad0bf (webtiles) character file.

Game seed: 7309894596042361282

1640 suipiss the Summoner (level 8, -8/78 HPs)
             Began as a Demonspawn Summoner on Jan 14, 2023.
             Was a Follower of Kikubaaqudgha.
             Mangled by a shadow (20 damage)
             ... on level 7 of the Dungeon.
             The game lasted 00:12:15 (6348 turns).

suipiss the Summoner (Demonspawn Summoner)          Turns: 6348, Time: 00:12:15

Health: -8/78      AC:  7    Str:  9    XL:     8   Next: 66%
Magic:  13/18      EV: 12    Int: 18    God:    Kikubaaqudgha [*.....]
Gold:   197        SH:  4    Dex: 18    Spells: 7/20 levels left

rFire   . . .      SeeInvis .   y - +2 dagger (elec)
rCold   . . .      Faith    .   (no shield)
rNeg    + . .      Spirit   .   a - +0 robe
rPois   .          Reflect  .   (no helmet)
rElec   .          Harm     .   j - +0 cloak
rCorr   .          Rampage  .   s - +2 pair of gloves
Will    .....                   p - +0 pair of boots
Stlth   ..........              (no amulet)
HPRegen 0.23/turn               x - ring of positive energy
MPRegen 0.16/turn               (no ring)

@: berserking, very quick
A: thin skeletal structure 2, spiny 1, condensation shield, weakness stinger 1
a: Renounce Religion, Unearth Wretches


You were on level 7 of the Dungeon.
You worshipped Kikubaaqudgha.
Kikubaaqudgha was aware of your devotion.
You visited 2 branches of the dungeon, and saw 8 of its levels.

You collected 197 gold pieces.

Inventory:

Hand Weapons
 k - a +6 dagger of venom
 y - a +2 dagger of electrocution (weapon)
Armour
 a - a +0 robe (worn)
 j - a +0 cloak (worn)
 p - a +0 pair of boots (worn)
 s - a +2 pair of gloves (worn)
Jewellery
 h - a ring of ice
 i - a ring of ice
 v - an amulet of guardian spirit
 x - a ring of positive energy (left hand)
 B - a ring of resist corrosion
Wands
 t - a wand of paralysis (13)
 w - a wand of acid (6)
Scrolls
 d - 5 scrolls of vulnerability
 g - a scroll of amnesia
 q - 2 scrolls of magic mapping {unknown}
 r - 3 scrolls of teleportation {unknown}
 u - 2 scrolls of torment {unknown}
 z - a scroll of blinking {unknown}
 A - a scroll of enchant weapon
Potions
 b - a potion of magic
 c - a potion of heal wounds {unknown}
 e - 2 potions of brilliance
 f - 2 potions of lignification
 l - 3 potions of curing
 m - 2 potions of invisibility {unknown}
 n - a potion of berserk rage
 o - 2 potions of flight {unknown}


   Skills:
 - Level 1.7 Dodging
 - Level 1.7 Stealth
 * Level 6.7 Spellcasting
 * Level 8.1 Summonings
 * Level 5.1 Necromancy


You had 7 spell levels left.
You knew the following spells:

 Your Spells              Type           Power      Damage    Failure   Level
a - Summon Small Mammal   Summ           100%       N/A       1%          1
b - Call Imp              Summ           35%        N/A       1%          2
c - Summon Guardian Gole  Hex/Summ       20%        N/A       6%          3
d - Summon Lightning Spi  Summ/Air       20%        N/A       21%         4
e - Vampiric Draining     Necr           24%        2d7       4%          3

Your spell library contained the following spells:

 Spells                   Type           Power      Damage    Failure   Level
 Necrotise                Necr           96%        1d8       1%          1
 Call Canine Familiar     Summ           35%        N/A       1%          3
 Foxfire                  Conj/Fire      24%        2x1d5     11%         1
 Magic Dart               Conj           24%        1d4       11%         1
 Animate Dead             Necr           24%        N/A       14%         4
 Searing Ray              Conj           12%        2d4       17%         2
 Conjure Flame            Conj/Fire      6%         6-21      32%         3
 Inner Flame              Hex/Fire       6%         N/A       32%         3
 Anguish                  Hex/Necr       7%         N/A       36%         4
 Flame Wave               Conj/Fire      6%         2d5       73%         4
 Fulminant Prism          Conj/Hex       3%         3d6       73%         4


Dungeon Overview and Level Annotations

Branches:
Dungeon (7/15)             Temple (1/1) D:5

Altars:
Ashenzari
Cheibriados
Fedhas
Hepliaklqana
Kikubaaqudgha
Makhleb
Qazlal
Ru
Sif Muna
Trog
Vehumet
Yredelemnul

Shops:
D:1 (


Innate Abilities, Weirdness & Mutations

You have a moderately thin skeletal structure. (Dex +4, Stealth++)
You are partially covered in sharp spines.
A meltable shield of frost defends you. (SH +4)
You have a small tail.


Message History

The shadow slips into darkness.
The shadow flickers and vanishes!
Deactivating autopickup; reactivate with Ctrl-A.
The shadow strikes at your guardian golem from the darkness!
Reactivating autopickup.
The shadow slips into darkness.
The shadow flickers and vanishes!
Deactivating autopickup; reactivate with Ctrl-A.
The shadow strikes at your guardian golem from the darkness!
Your guardian golem is destroyed!
Your guardian golem disappears in a puff of smoke!
Casting: Summon Guardian Golem (dangerous; 6% risk of failure)
Confirm with . or Enter, or press ? or * to list all spells.
A beastly little devil appears in a puff of frigid air.
The shadow strikes at you from the darkness!
Ouch! That really hurt!
Reactivating autopickup.
You swap places.
The shadow slips into darkness.
The shadow flickers and vanishes!
Deactivating autopickup; reactivate with Ctrl-A.
Found 15 gold pieces.
The shadow strikes at your white imp from the darkness!
Your white imp dies!
Your white imp disappears in a puff of smoke!
The shadow strikes at you from the darkness!
* * * LOW HITPOINT WARNING * * *
Reactivating autopickup.
A red film seems to cover your vision as you go berserk!
You feel yourself moving faster!
You feel mighty! The shadow hits you.
* * * LOW HITPOINT WARNING * * *
You barely miss the shadow.
The shadow is heavily damaged.
The shadow slips into darkness.
The shadow flickers and vanishes!
Deactivating autopickup; reactivate with Ctrl-A.
You miss something.
The shadow strikes at you from the darkness!
You die...
Kikubaaqudgha rasps: "You have failed me!
Welcome... death!"

.# #.# .# ####.# #.# .# #$...#
#.# .# #.... #.# .# ...
#######.##.### #.# ..........#..
########.##### ######.##.####
.............#########.........#
.#######.###...{@...<.......####
.# #.# ###########.#.#### .# #.#
#.#.# .# #.# #.#.##### .# #.#
#.#.....# .#######.# #.#####†#
.......#.# #.# #.# ####.....#
#.#####.###. #.....#
#...........


There were no monsters in sight!

Vanquished Creatures
  An orc warrior (D:6)
  An ice beast (D:5)
  2 sky beasts
  Blork the orc (D:5)
  3 hounds
  An orc priest (D:6)
  A jelly (D:7)
  Natasha (thrice) (D:3)
  2 orc wizards
  A gnoll (D:3)
  7 adders
  A shadow imp (D:5)
  A white imp (D:6)
  3 ufetubi
  3 worms
  3 dart slugs
  19 orcs
  2 ball pythons
  6 bats
  5 endoplasms
  A giant cockroach (D:2)
  3 goblins
  7 hobgoblins
  4 jackals (D:2)
  4 quokkas
  2 frilled lizards
  4 kobolds
  4 rats
95 creatures vanquished.

Vanquished Creatures (collateral kills)
  A steam dragon (D:6)
  A black bear (D:5)
  A hound (D:6)
  An orc priest (D:4)
  An iguana (D:5)
  2 gnolls (D:3)
  An adder (D:3)
  A dart slug (D:3)
  8 orcs
  A bat (D:2)
  2 endoplasms
  A goblin (D:1)
  A jackal (D:5)
  2 kobolds
  A rat (D:2)
25 creatures vanquished.

Vanquished Creatures (others)
  Grinder (D:5)
  An orc warrior (D:7)
  Crazy Yiuf (D:2)
  An orc wizard (D:7)
  A plant (D:5)
5 creatures vanquished.

Grand Total: 125 creatures vanquished

Notes
Turn   | Place    | Note
-------+----------+-------------------------------------------
     0 | D:1      | suipiss the Demonspawn Summoner began the quest for the
                  | Orb.
     0 | D:1      | Reached XP level 1. HP: 13/13 MP: 3/3
   543 | D:1      | Gained mutation: You have a somewhat thin skeletal
                  | structure. (Dex +2, Stealth+) [demonic ancestry]
   543 | D:1      | Reached XP level 2. HP: 12/19 MP: 1/5
   546 | D:1      | Learned a level 2 spell: Call Imp
   832 | D:1      | Found Owyegg's Antique Weapon Emporium.
  1045 | D:2      | Gained mutation: You have a small tail. [demonic ancestry]
  1045 | D:2      | Reached XP level 3. HP: 11/24 MP: 1/7
  1916 | D:2      | Found a runed translucent door.
  1917 | D:2      | Noticed Crazy Yiuf
  2059 | D:2      | Learned a level 3 spell: Summon Guardian Golem
  2069 | D:2      | Killed Crazy Yiuf
  2070 | D:2      | Reached skill level 5 in Summonings
  2070 | D:2      | Reached XP level 4. HP: 30/30 MP: 2/8
  2303 | D:3      | Noticed a sky beast
  2317 | D:3      | Killed a sky beast
  2318 | D:3      | Gained mutation: A meltable shield of frost defends you.
                  | (SH +4) [demonic ancestry]
  2318 | D:3      | Reached XP level 5. HP: 23/35 MP: 5/10
  2845 | D:3      | Noticed Natasha
  2852 | D:3      | Killed Natasha
  2853 | D:3      | Gained mutation: You are partially covered in sharp spines.
                  | [demonic ancestry]
  2853 | D:3      | Reached XP level 6. HP: 41/41 MP: 9/12
  2882 | D:3      | Noticed Natasha
  2889 | D:3      | Killed Natasha
  2890 | D:3      | Reached skill level 6 in Summonings
  2898 | D:3      | Noticed Natasha
  2905 | D:3      | Killed Natasha
  2957 | D:3      | Learned a level 4 spell: Summon Lightning Spire
  4025 | D:5      | Entered Level 5 of the Dungeon
  4088 | D:5      | Found a staircase to the Ecumenical Temple.
  4111 | Temple   | Entered the Ecumenical Temple
  4160 | Temple   | Became a worshipper of Kikubaaqudgha
  4216 | D:5      | Noticed Blork the orc
  4224 | D:5      | Killed Blork the orc
  4225 | D:5      | Reached skill level 5 in Spellcasting
  4225 | D:5      | Reached skill level 1 in Necromancy
  4225 | D:5      | Reached XP level 7. HP: 42/46 MP: 11/14
  4604 | D:5      | Noticed Grinder
  4679 | D:5      | Killed Grinder
  4680 | D:5      | Reached skill level 7 in Summonings
  4831 | D:5      | Gained mutation: You have a moderately thin skeletal
                  | structure. (Dex +4, Stealth++) [demonic ancestry]
  4831 | D:5      | Reached XP level 8. HP: 52/52 MP: 14/16
  5408 | D:6      | Reached * piety under Kikubaaqudgha
  5408 | D:6      | Received a gift from Kikubaaqudgha
  5417 | D:6      | Learned a level 3 spell: Vampiric Draining
  6204 | D:7      | Reached skill level 8 in Summonings
  6309 | D:7      | Reached skill level 5 in Necromancy
  6348 | D:7      | Mangled by a shadow

Illustrated notes

Levels and vault maps discovered:
D:1:      minmay_arrival_split_and_join, layout_basic, serial_shops,
          nicolae_shop_crystal
D:2:      layout_basic, hangedman_decor_push, uniq_crazy_yiuf_cottage
D:3:      layout_rooms, uniq_natasha
D:4:      layout_basic, minmay_misc_feat_chi, minmay_quadrilaterals
D:5:      layout_basic, temple_pool_b, serial_bayou_ford_a,
          kennysheep_generic_room_11, uniq_grinder, uniq_blork_the_orc
D:6:      layout_rooms, nicolae_elevator_lobby_plus
D:7:      layout_loops_ring, serial_shops, nicolae_lakefront_shop
Temple:   compressed_dpeg_triangle_lava_temple

Skill      XL: |  1  2  3  4  5  6  7  8 |
---------------+-------------------------+-----
Spellcasting   | 3 4 5 6 |  6.7
Summonings     | 5 6 7 8 |  8.1
Necromancy     | 1 3 5 |  5.1
Dodging        | |  1.7
Stealth        | |  1.7

Action                   |  1- 3 |  4- 6 |  7- 9 || total
-------------------------+-------+-------+-------++-------
Melee: Dagger            |    55 |    79 |    77 ||   211
       Tailslap          |     2 |    10 |    12 ||    24
       Punch             |       |       |     1 ||     1
 Cast: Summon Small Mamm |    13 |     1 |     1 ||    15
       Call Imp          |     5 |    15 |    15 ||    35
       Summon Guardian G |     1 |     1 |     4 ||     6
       Vampiric Draining |       |       |     2 ||     2
  Use: Scroll            |     8 |     2 |     4 ||    14
       Potion            |       |       |     1 ||     1
 Stab: Sleeping          |     9 |     9 |     7 ||    25
       Distracted        |       |       |     1 ||     1
Armor: Robe              |    17 |    10 |    22 ||    49
Dodge: Dodged            |    33 |    43 |    41 ||   117
Block: Other             |       |     6 |     7 ||    13
